Saguenéens vs Little Stars
(R1)
Created - 25 septembre 2014 at 19:05
Goals
|
| Saguenéens |
0 |
1 |
1 |
2 |
| Little Stars |
2 |
2 |
2 |
6 |
|
Shots
|
| Saguenéens |
14 |
15 |
8 |
37 |
| Little Stars |
13 |
8 |
13 |
34 |
|
1st period
1. Little Stars , Chris Dingman 1 (Éric Belanger, Erik Ersberg) at 6:21 (PP)
2. Little Stars , Jimmy Hayes 1 (Cameron Schilling, Alexander Vasyunov) at 18:32
Penalties :
Raphael Diaz (Tex) for Holding Stick (Minor) at 2:33, David Rundblad (Chi) for Holding (Minor) at 5:21, Chris Dingman (Tex) for Tripping (Minor) at 9:51
2nd period
3. Saguenéens , Joffrey Lupul 1 (Marcus Johansson, David Moss) at 1:58
4. Little Stars , Éric Belanger 3 (Chris Dingman, Mathieu Roy) at 10:40 (PP)
5. Little Stars , Mathieu Roy 1 (Clay Wilson) at 11:19
Penalties :
Bryan Bickell (Chi) for Hooking (Minor) at 10:30, Jimmy Hayes (Tex) for Holding (Minor) at 13:44, Ryan Ellis (Tex) for Tripping (Minor) at 16:27
3rd period
6. Little Stars , Clay Wilson 1 (Mathieu Roy) at 6:07 (PP)
7. Saguenéens , Brian Flynn 1 (Mike Sauer, Kris Russell) at 10:51
8. Little Stars , Éric Belanger 4 (Chris Dingman, Mathieu Roy) at 18:34
Penalties :
Mathieu Roy (Tex) for Tripping (Minor) at 1:10, Jesse Joensuu (Tex) for Roughing (Minor) at 4:02, Kyle Brodziak (Chi) for Boarding (Major) at 5:32
Goalie Stats
James Reimer (Chi), 9 saves from 10 shots - (0,900), 13:53 minutes
Harru Sateri (Chi), 19 saves from 24 shots - (0,792), L, 0-1-0, 46:07 minutes
Erik Ersberg (Tex), 35 saves from 37 shots - (0,946), W, 2-0-0, 60:00 minutes
Players Stats for Saguenéens
Player Name G A P +/- PIM S H SB GA TA FO MP PP MP PK MP
------------------------------------------------------------------------------------
Brandon Burlon 0 0 0 0 0 0 2 0 0 1 0/0 15:48 0:00 0:51
Brian Flynn 1 0 1 0 0 2 0 0 0 0 1/6 10:19 0:00 0:00
Bryan Bickell 0 0 0 0 2 1 2 0 0 0 0/0 9:06 0:01 1:36
David Laliberté 0 0 0 0 0 3 1 0 0 0 1/1 10:19 0:00 0:00
David Moss 0 1 1 -1 0 5 0 0 1 1 0/0 19:41 6:30 1:48
David Rundblad 0 0 0 -1 2 2 0 0 0 0 0/0 16:31 5:54 0:45
Derek Morris 0 0 0 -1 0 3 1 2 3 0 0/0 24:50 5:54 2:22
Eric Tangradi 0 0 0 0 0 2 0 1 0 0 0/0 10:22 0:01 0:00
Evgeny Dadonov 0 0 0 0 0 4 1 1 1 1 2/3 18:40 4:55 0:00
Joffrey Lupul 1 0 1 -1 0 4 3 1 0 0 1/1 19:09 6:30 1:30
Kevin Marshall 0 0 0 0 0 3 3 1 0 1 0/0 23:41 5:31 2:16
Kris Russell 0 1 1 1 0 0 0 1 0 1 0/0 24:32 5:31 2:33
Kyle Brodziak 0 0 0 0 5 2 1 1 0 0 9/26 19:21 4:53 0:45
Marcus Johansson 0 1 1 -1 0 1 1 0 0 0 4/12 19:12 6:30 1:19
Mike Sauer 0 1 1 -1 0 1 0 1 0 0 0/0 14:37 0:00 2:33
Petteri Wirtanen 0 0 0 0 0 1 2 0 0 1 2/3 9:30 0:00 2:03
Rhett Rakhshani 0 0 0 0 0 0 0 0 1 0 0/0 7:13 0:00 0:00
Tyler Kennedy 0 0 0 0 0 3 1 1 1 0 1/4 20:57 4:54 2:19
Players Stats for Little Stars
Player Name G A P +/- PIM S H SB GA TA FO MP PP MP PK MP
------------------------------------------------------------------------------------
Alexander Vasyunov 0 1 1 1 0 0 0 0 0 0 0/0 11:21 0:54 2:41
Cameron Schilling 0 1 1 1 0 1 1 2 0 1 0/0 16:41 1:50 5:25
Carl Hagelin 0 0 0 -1 0 0 0 0 0 0 0/1 9:55 0:00 0:00
Chris Dingman 1 2 3 0 2 7 1 0 1 0 2/2 21:39 2:54 5:22
Clay Wilson 1 1 2 2 0 3 1 0 1 0 0/0 27:16 1:21 5:52
Cody Bass 0 0 0 -1 0 2 4 0 0 1 2/7 10:47 0:52 0:00
Corey Trivino 0 0 0 1 0 0 1 0 0 0 1/1 7:15 0:00 0:00
Éric Belanger 2 1 3 0 0 7 1 0 0 1 22/35 22:59 2:51 6:39
Hugh Jessiman 0 0 0 0 0 1 0 0 0 0 0/0 10:59 1:07 0:00
Jesse Joensuu 0 0 0 1 2 0 2 0 2 1 0/0 13:36 1:36 0:08
Jimmy Hayes 1 0 1 0 2 1 0 0 1 1 0/0 10:45 0:00 3:11
Landon Ferraro 0 0 0 -1 0 0 0 0 0 0 0/0 3:23 0:37 1:49
Marcus Kruger 0 0 0 1 0 1 0 0 0 0 7/8 13:53 1:42 0:18
Mathieu Roy 1 3 4 2 2 4 1 0 0 0 0/0 28:01 3:13 4:54
Matt Halischuk 0 0 0 0 0 0 0 0 0 0 0/0 15:14 2:45 0:00
Matt Pelech 0 0 0 0 0 0 0 0 0 1 0/0 9:55 0:00 0:24
Raphael Diaz 0 0 0 -1 2 2 0 0 0 1 0/0 19:22 1:50 4:25
Robert Czarnik 0 0 0 0 0 0 0 0 0 0 0/0 0:00 0:00 0:00
Ryan Ellis 0 0 0 -1 2 2 1 1 0 0 0/0 18:21 3:06 1:50
Ryan Vesce 0 0 0 1 0 3 0 0 1 0 1/2 16:38 1:42 2:42
3 Stars
1 - Mathieu Roy (Tex)
2 - Éric Belanger (Tex)
3 - Clay Wilson (Tex)
Power Play
Saguenéens - 0 on 6 Attempt(s) - 0,00%
Little Stars - 3 on 3 Attempt(s) - 100,00%
Penalty Kill
Saguenéens - 0 on 3 Attempt(s) - 0,00%
- Score 0 goal in Penalty Kill
Little Stars - 6 on 6 Attempt(s) - 100,00%
- Score 0 goal in Penalty Kill
Official
Referees : Hasenfratz Mike and LaRue Dennis
Linesman : Pierre Racicot and David Brisebois
Game Notes
James Reimer enters game at 6:07 of 3rd period
Finance
Level 1 -- Attendance: 1466 (73,30%) -- Ticket Income 51 310 $
Level 2 -- Attendance: 787 (78,70%) -- Ticket Income 11 805 $
Total Attendance: 2253 (75,10%)
Total Ticket Income: 63 115 $
Other Income: 3 156 $
Total Income: 66 271 $
Saguenéens
5 vs 5 Forward
Center Left Wing Right Wing Time % Phy DF OF
1 Kyle Brodziak Evgeny Dadonov Tyler Kennedy 40 1 2 2
2 Marcus Johansson Joffrey Lupul David Moss 30 1 2 2
3 Brian Flynn Eric Tangradi David Laliberté 20 1 2 2
4 Petteri Wirtanen Bryan Bickell Rhett Rakhshani 10 1 2 2
5 vs 5 Defense
Defense Defense Time % Phy DF OF
1 Kris Russell Kevin Marshall 37 1 2 2
2 Derek Morris Brandon Burlon 33 1 2 2
3 Mike Sauer David Rundblad 20 1 2 2
4 Derek Morris Mike Sauer 10 0 2 3
PowerPlay Forward
Center Left Wing Right Wing Time % Phy DF OF
1 Kyle Brodziak Evgeny Dadonov Tyler Kennedy 55 1 1 3
2 Marcus Johansson Joffrey Lupul David Moss 45 1 1 3
PowerPlay Defense
Defense Defense Time % Phy DF OF
1 Kris Russell Kevin Marshall 50 0 2 3
2 Derek Morris David Rundblad 50 0 2 3
Penalty Kill 4 Players Forward
Center Wing Time % Phy DF OF
1 Kyle Brodziak Tyler Kennedy 50 1 3 1
2 Petteri Wirtanen David Moss 50 1 3 1
Penalty Kill 4 Players Defense
Defense Defense Time % Phy DF OF
1 Derek Morris Kevin Marshall 50 1 3 1
2 Kris Russell Mike Sauer 50 1 3 1
Penalty Kill - 3 Players Forward
Forward Time % Phy DF OF
1 Kyle Brodziak 50 1 3 1
2 David Moss 50 1 3 1
Penalty Kill - 3 Players Defense
Defense Defense Time % Phy DF OF
1 Derek Morris Kevin Marshall 50 1 3 1
2 Kris Russell Mike Sauer 50 1 3 1
4 vs 4 Forward
Center Wing Time % Phy DF OF
1 Marcus Johansson Evgeny Dadonov 50 1 1 3
2 Kyle Brodziak Tyler Kennedy 50 1 2 2
4 vs 4 Defense
Defense Defense Time % Phy DF OF
1 Kris Russell Kevin Marshall 50 1 2 2
2 Derek Morris Brandon Burlon 50 1 2 2
Last Minutes Offensive
Center Left Wing Right Wing Defense Defense
Kyle Brodziak Evgeny Dadonov Tyler Kennedy Derek Morris Kris Russell
Last Minutes Defensive
Center Left Wing Right Wing Defense Defense
Kyle Brodziak Evgeny Dadonov Tyler Kennedy Derek Morris Kevin Marshall
Goaltenders
Starting : Harru Sateri
Backup : James Reimer
Extra Forwards
Normal : Bryan Bickell, Brian Flynn, Evgeny Dadonov - PP : Eric Tangradi, Bryan Bickell - PK : Joffrey Lupul
Extra Defensemen
Normal : Kris Russell, Brandon Burlon, Derek Morris - PP : Brandon Burlon - PK : Brandon Burlon, David Rundblad
Penalty Shots
Evgeny Dadonov, David Moss, Joffrey Lupul, Kyle Brodziak, Bryan Bickell
Little Stars
5 vs 5 Forward
Center Left Wing Right Wing Time % Phy DF OF
1 Éric Belanger Chris Dingman Matt Halischuk 40 1 2 2
2 Marcus Kruger Jesse Joensuu Ryan Vesce 30 1 2 2
3 Cody Bass Carl Hagelin Hugh Jessiman 20 1 2 2
4 Corey Trivino Alexander Vasyunov Jimmy Hayes 10 1 2 2
5 vs 5 Defense
Defense Defense Time % Phy DF OF
1 Mathieu Roy Clay Wilson 40 1 2 2
2 Raphael Diaz Ryan Ellis 30 1 2 2
3 Cameron Schilling Matt Pelech 20 1 2 2
4 Mathieu Roy Clay Wilson 10 1 2 2
PowerPlay Forward
Center Left Wing Right Wing Time % Phy DF OF
1 Éric Belanger Chris Dingman Matt Halischuk 60 1 2 2
2 Marcus Kruger Jesse Joensuu Ryan Vesce 40 1 2 2
PowerPlay Defense
Defense Defense Time % Phy DF OF
1 Mathieu Roy Ryan Ellis 60 1 2 2
2 Raphael Diaz Cameron Schilling 40 1 2 2
Penalty Kill 4 Players Forward
Center Wing Time % Phy DF OF
1 Éric Belanger Chris Dingman 60 1 2 2
2 Chris Dingman Ryan Vesce 40 1 2 2
Penalty Kill 4 Players Defense
Defense Defense Time % Phy DF OF
1 Mathieu Roy Clay Wilson 60 1 2 2
2 Raphael Diaz Cameron Schilling 40 1 2 2
Penalty Kill - 3 Players Forward
Forward Time % Phy DF OF
1 Éric Belanger 60 1 2 2
2 Marcus Kruger 40 1 2 2
Penalty Kill - 3 Players Defense
Defense Defense Time % Phy DF OF
1 Mathieu Roy Clay Wilson 60 1 2 2
2 Raphael Diaz Cameron Schilling 40 1 2 2
4 vs 4 Forward
Center Wing Time % Phy DF OF
1 Éric Belanger Chris Dingman 60 1 2 2
2 Marcus Kruger Ryan Vesce 40 1 2 2
4 vs 4 Defense
Defense Defense Time % Phy DF OF
1 Mathieu Roy Clay Wilson 60 1 2 2
2 Raphael Diaz Cameron Schilling 40 1 2 2
Last Minutes Offensive
Center Left Wing Right Wing Defense Defense
Marcus Kruger Chris Dingman Matt Halischuk Mathieu Roy Raphael Diaz
Last Minutes Defensive
Center Left Wing Right Wing Defense Defense
Éric Belanger Chris Dingman Hugh Jessiman Mathieu Roy Clay Wilson
Goaltenders
Starting : Erik Ersberg
Backup : Ben Scrivens
Extra Forwards
Normal : Matt Halischuk, Cody Bass, Jimmy Hayes - PP : Matt Halischuk, Cody Bass - PK : Jimmy Hayes
Extra Defensemen
Normal : Mathieu Roy, Ryan Ellis, Raphael Diaz - PP : Mathieu Roy - PK : Ryan Ellis, Raphael Diaz
Penalty Shots
Éric Belanger, Chris Dingman, Hugh Jessiman, Ryan Vesce, Matt Halischuk
% Time on Ice - Saguenéens
Lines # - Real PCT - Wanted PCT - Time Play
Normal Forward
1 - 32% - 40% - 13:31
2 - 27% - 30% - 11:23
3 - 24% - 20% - 10:19
4 - 17% - 10% - 7:13
Normal Defense
1 - 37% - 37% - 15:33
2 - 36% - 33% - 15:21
3 - 21% - 20% - 9:04
4 - 6% - 10% - 2:28
PP Forward
1 - 43% - 55% - 4:55
2 - 57% - 45% - 6:30
PP Defense
1 - 48% - 50% - 5:31
2 - 52% - 50% - 5:54
PK Forward
1 - 63% - 50% - 3:34
2 - 37% - 50% - 2:06
PK Defense
1 - 50% - 50% - 2:51
2 - 50% - 50% - 2:49
PK3 Forward
1 - 0% - 50%
2 - 0% - 50%
PK3 Defense
1 - 0% - 50%
2 - 0% - 50%
44 Forward
1 - 48% - 50% - 0:14
2 - 52% - 50% - 0:15
44 Defense
1 - 72% - 50% - 0:21
2 - 28% - 50% - 0:08
Last Minute Offensive - 0:00
Last Minute Defensive - 0:00
Total
Forward - 60:00
Defense - 60:00
|
% Time on Ice - Little Stars
Lines # - Real PCT - Wanted PCT - Time Play
Normal Forward
1 - 31% - 40% - 13:02
2 - 29% - 30% - 12:14
3 - 23% - 20% - 9:55
4 - 17% - 10% - 7:15
Normal Defense
1 - 43% - 40% - 18:18
2 - 32% - 30% - 13:37
3 - 21% - 20% - 8:57
4 - 4% - 10% - 1:34
PP Forward
1 - 70% - 60% - 3:58
2 - 30% - 40% - 1:42
PP Defense
1 - 68% - 60% - 3:50
2 - 32% - 40% - 1:50
PK Forward
1 - 76% - 60% - 8:43
2 - 24% - 40% - 2:42
PK Defense
1 - 55% - 60% - 6:16
2 - 45% - 40% - 5:09
PK3 Forward
1 - 0% - 60%
2 - 0% - 40%
PK3 Defense
1 - 0% - 60%
2 - 0% - 40%
44 Forward
1 - 100% - 60% - 0:29
2 - 0% - 40% - 0:00
44 Defense
1 - 100% - 60% - 0:29
2 - 0% - 40% - 0:00
Last Minute Offensive - 0:00
Last Minute Defensive - 0:00
Total
Forward - 60:00
Defense - 60:00
|
Play by Play
1st period
0:01 of 1st period - Kyle Brodziak wins face-off versus Éric Belanger in neutral zone.
0:03 of 1st period - Off-side.
0:04 of 1st period - Éric Belanger wins face-off versus Kyle Brodziak in neutral zone.
0:11 of 1st period - Snap shot by Éric Belanger.
0:11 of 1st period - Deflect By Chris Dingman.
0:11 of 1st period - Stopped by Harru Sateri without a rebound.
0:12 of 1st period - Marcus Kruger wins face-off versus Marcus Johansson in Saguenéens zone.
1:23 of 1st period - Snap shot by Bryan Bickell.
1:23 of 1st period - Deflect By Petteri Wirtanen.
1:23 of 1st period - Stopped by Erik Ersberg with a rebound.
1:46 of 1st period - Wrist shot by Ryan Vesce.
1:46 of 1st period - Shot Misses the Net.
1:48 of 1st period - Slapshot by Mathieu Roy.
1:48 of 1st period - Stopped by Harru Sateri with a rebound.
2:28 of 1st period - Slapshot by Matt Halischuk.
2:28 of 1st period - Deflect By Éric Belanger.
2:28 of 1st period - Shot Misses the Net.
2:28 of 1st period - Puck is out of play.
2:29 of 1st period - Joffrey Lupul wins face-off versus Ryan Vesce in Saguenéens zone.
2:33 of 1st period - Minor Penalty to Raphael Diaz for Holding Stick.
2:34 of 1st period - Éric Belanger wins face-off versus Tyler Kennedy in Little Stars zone.
3:12 of 1st period - Snap shot by David Moss.
3:12 of 1st period - Stopped by Erik Ersberg without a rebound.
3:13 of 1st period - Éric Belanger wins face-off versus Marcus Johansson in Little Stars zone.
3:36 of 1st period - Cameron Schilling is hit by Marcus Johansson and loses puck.
4:03 of 1st period - Wrist shot by Joffrey Lupul.
4:03 of 1st period - Shot Misses the Net.
4:05 of 1st period - Slapshot by David Moss.
4:05 of 1st period - Shot Misses the Net.
4:29 of 1st period - Wrist shot by David Moss.
4:29 of 1st period - Shot Misses the Net.
4:33 of 1st period - Penalty to Raphael Diaz is over, Raphael Diaz is back on ice.
4:37 of 1st period - Wrist shot by Joffrey Lupul.
4:37 of 1st period - Stopped by Erik Ersberg with a rebound.
4:47 of 1st period - Slapshot by Marcus Johansson.
4:47 of 1st period - Stopped by Erik Ersberg without a rebound.
4:48 of 1st period - Evgeny Dadonov wins face-off versus Carl Hagelin in Little Stars zone.
4:49 of 1st period - Snap shot by Kyle Brodziak.
4:49 of 1st period - Shot Misses the Net.
5:21 of 1st period - Minor Penalty to David Rundblad for Holding.
5:22 of 1st period - Éric Belanger wins face-off versus Kyle Brodziak in Saguenéens zone.
5:24 of 1st period - Snap shot by Éric Belanger.
5:24 of 1st period - Stopped by Harru Sateri with a rebound.
5:44 of 1st period - Éric Belanger is hit by Bryan Bickell and loses puck.
6:19 of 1st period - Backhand shot by Éric Belanger.
6:19 of 1st period - Shot Blocked by Tyler Kennedy.
6:21 of 1st period - Snap shot by Chris Dingman.
6:21 of 1st period - Goal by Chris Dingman - Saguenéens : 0 - Little Stars : 1.
6:22 of 1st period - Marcus Kruger wins face-off versus Marcus Johansson in neutral zone.
6:33 of 1st period - Snap shot by Marcus Kruger.
6:33 of 1st period - Stopped by Harru Sateri without a rebound.
6:34 of 1st period - Ryan Vesce wins face-off versus Kyle Brodziak in Saguenéens zone.
7:13 of 1st period - Wrist shot by Éric Belanger.
7:13 of 1st period - Shot Misses the Net.
7:15 of 1st period - Wrist shot by Chris Dingman.
7:15 of 1st period - Shot Blocked by Derek Morris.
7:45 of 1st period - Kevin Marshall is hit by Corey Trivino and loses puck.
8:08 of 1st period - Slapshot by Kyle Brodziak.
8:08 of 1st period - Stopped by Erik Ersberg with a rebound.
8:10 of 1st period - Slapshot by Kevin Marshall.
8:10 of 1st period - Shot Misses the Net.
8:12 of 1st period - Snap shot by Kevin Marshall.
8:12 of 1st period - Stopped by Erik Ersberg with a rebound.
8:27 of 1st period - Kyle Brodziak is hit by Jesse Joensuu and loses puck.
8:38 of 1st period - Snap shot by Ryan Vesce.
8:38 of 1st period - Shot Misses the Net.
8:40 of 1st period - Slapshot by Cameron Schilling.
8:40 of 1st period - Stopped by Harru Sateri with a rebound.
8:52 of 1st period - Wrist shot by Hugh Jessiman.
8:52 of 1st period - Shot Misses the Net.
8:54 of 1st period - Wrist shot by Clay Wilson.
8:54 of 1st period - Shot Blocked by Eric Tangradi.
9:15 of 1st period - Jimmy Hayes is hit by David Laliberté and loses puck.
9:38 of 1st period - Slapshot by Derek Morris.
9:38 of 1st period - Shot Misses the Net.
9:40 of 1st period - Slapshot by Kevin Marshall.
9:40 of 1st period - Stopped by Erik Ersberg with a rebound.
9:46 of 1st period - Slapshot by Derek Morris.
9:46 of 1st period - Shot Misses the Net.
9:48 of 1st period - Slapshot by Kevin Marshall.
9:48 of 1st period - Deflect By Brian Flynn.
9:48 of 1st period - Stopped by Erik Ersberg without a rebound.
9:49 of 1st period - Éric Belanger wins face-off versus Kyle Brodziak in Little Stars zone.
9:51 of 1st period - Minor Penalty to Chris Dingman for Tripping.
9:52 of 1st period - Kyle Brodziak wins face-off versus Éric Belanger in Little Stars zone.
9:54 of 1st period - Snap shot by Evgeny Dadonov.
9:54 of 1st period - Stopped by Erik Ersberg without a rebound.
9:55 of 1st period - Kyle Brodziak wins face-off versus Éric Belanger in Little Stars zone.
9:58 of 1st period - Wrist shot by Evgeny Dadonov.
9:58 of 1st period - Stopped by Erik Ersberg with a rebound.
11:51 of 1st period - Penalty to Chris Dingman is over, Chris Dingman is back on ice.
12:01 of 1st period - Kevin Marshall is hit by Chris Dingman and loses puck.
12:08 of 1st period - Snap shot by Éric Belanger.
12:08 of 1st period - Stopped by Harru Sateri without a rebound.
12:09 of 1st period - David Laliberté wins face-off versus Cody Bass in Saguenéens zone.
12:25 of 1st period - David Laliberté is hit by Cody Bass.
13:04 of 1st period - Matt Pelech is hit by Tyler Kennedy and loses puck.
13:09 of 1st period - Snap shot by Tyler Kennedy.
13:09 of 1st period - Stopped by Erik Ersberg with a rebound.
13:21 of 1st period - David Moss is hit by Cameron Schilling.
13:39 of 1st period - Wrist shot by Brian Flynn.
13:39 of 1st period - Deflect By Eric Tangradi.
13:39 of 1st period - Stopped by Erik Ersberg without a rebound.
13:40 of 1st period - Cody Bass wins face-off versus Brian Flynn in Little Stars zone.
14:02 of 1st period - Snap shot by David Laliberté.
14:02 of 1st period - Stopped by Erik Ersberg without a rebound.
14:03 of 1st period - Éric Belanger wins face-off versus Kyle Brodziak in Little Stars zone.
15:21 of 1st period - Wrist shot by Éric Belanger.
15:21 of 1st period - Stopped by Harru Sateri without a rebound.
15:22 of 1st period - Marcus Kruger wins face-off versus Kyle Brodziak in Saguenéens zone.
16:20 of 1st period - Wrist shot by Jimmy Hayes.
16:20 of 1st period - Shot Blocked by Mike Sauer.
16:38 of 1st period - Snap shot by Kyle Brodziak.
16:38 of 1st period - Shot Misses the Net.
17:21 of 1st period - Slapshot by Derek Morris.
17:21 of 1st period - Shot Blocked by Ryan Ellis.
18:20 of 1st period - Off-side.
18:21 of 1st period - Corey Trivino wins face-off versus Brian Flynn in neutral zone.
18:32 of 1st period - Snap shot by Jimmy Hayes.
18:32 of 1st period - Goal by Jimmy Hayes - Saguenéens : 0 - Little Stars : 2.
18:33 of 1st period - Éric Belanger wins face-off versus Evgeny Dadonov in neutral zone.
18:44 of 1st period - Matt Halischuk is hit by Evgeny Dadonov and loses puck.
19:03 of 1st period - Slapshot by David Moss.
19:03 of 1st period - Stopped by Erik Ersberg without a rebound.
19:04 of 1st period - Marcus Johansson wins face-off versus Marcus Kruger in Little Stars zone.
19:10 of 1st period - Icing by Ryan Ellis.
19:11 of 1st period - Marcus Kruger wins face-off versus Kyle Brodziak in Little Stars zone.
19:11 of 1st period - Marcus Kruger is hit by Kevin Marshall.
19:42 of 1st period - Slapshot by Jesse Joensuu.
19:42 of 1st period - Deflect By Ryan Vesce.
19:42 of 1st period - Stopped by Harru Sateri with a rebound.
19:44 of 1st period - Snap shot by Ryan Vesce.
19:44 of 1st period - Shot Misses the Net.
19:48 of 1st period - Wrist shot by Ryan Vesce.
19:48 of 1st period - Stopped by Harru Sateri with a rebound.
19:50 of 1st period - Snap shot by Marcus Kruger.
19:50 of 1st period - Shot Misses the Net.
19:52 of 1st period - Slapshot by Raphael Diaz.
19:52 of 1st period - Stopped by Harru Sateri without a rebound.
19:53 of 1st period - Éric Belanger wins face-off versus Kyle Brodziak in Saguenéens zone.
19:56 of 1st period - Snap shot by Chris Dingman.
19:56 of 1st period - Stopped by Harru Sateri with a rebound.
Goals for this period are 0 for Saguenéens vs 2 for Little Stars.
Shots for this period are 14 for Saguenéens vs 13 for Little Stars.
2nd period
0:01 of 2nd period - Éric Belanger wins face-off versus Kyle Brodziak in neutral zone.
0:08 of 2nd period - Snap shot by Chris Dingman.
0:08 of 2nd period - Shot Misses the Net.
0:10 of 2nd period - Snap shot by Chris Dingman.
0:10 of 2nd period - Stopped by Harru Sateri without a rebound.
0:11 of 2nd period - Kyle Brodziak wins face-off versus Éric Belanger in Saguenéens zone.
0:37 of 2nd period - Snap shot by David Moss.
0:37 of 2nd period - Shot Misses the Net.
0:39 of 2nd period - Snap shot by Joffrey Lupul.
0:39 of 2nd period - Stopped by Erik Ersberg with a rebound.
0:54 of 2nd period - Icing by Clay Wilson.
0:55 of 2nd period - Marcus Kruger wins face-off versus Brian Flynn in Little Stars zone.
1:44 of 2nd period - Wrist shot by David Moss.
1:44 of 2nd period - Stopped by Erik Ersberg without a rebound.
1:45 of 2nd period - Marcus Johansson wins face-off versus Éric Belanger in Little Stars zone.
1:52 of 2nd period - Snap shot by Joffrey Lupul.
1:52 of 2nd period - Shot Misses the Net.
1:54 of 2nd period - Wrist shot by Joffrey Lupul.
1:54 of 2nd period - Shot Misses the Net.
1:56 of 2nd period - Wrist shot by Joffrey Lupul.
1:56 of 2nd period - Shot Misses the Net.
1:58 of 2nd period - Wrist shot by Joffrey Lupul.
1:58 of 2nd period - Goal by Joffrey Lupul - Saguenéens : 1 - Little Stars : 2.
1:59 of 2nd period - Éric Belanger wins face-off versus Kyle Brodziak in neutral zone.
2:04 of 2nd period - Clay Wilson is hit by Kyle Brodziak.
2:24 of 2nd period - Mike Sauer is hit by Mathieu Roy and loses puck.
3:13 of 2nd period - Slapshot by Mathieu Roy.
3:13 of 2nd period - Stopped by Harru Sateri with a rebound.
3:31 of 2nd period - Matt Halischuk is hit by Bryan Bickell and loses puck.
3:46 of 2nd period - Snap shot by Petteri Wirtanen.
3:46 of 2nd period - Shot Misses the Net.
4:40 of 2nd period - Slapshot by Clay Wilson.
4:40 of 2nd period - Stopped by Harru Sateri with a rebound.
5:02 of 2nd period - Snap shot by Chris Dingman.
5:02 of 2nd period - Stopped by Harru Sateri with a rebound.
5:12 of 2nd period - Slapshot by Kevin Marshall.
5:12 of 2nd period - Stopped by Erik Ersberg with a rebound.
5:45 of 2nd period - Snap shot by Cody Bass.
5:45 of 2nd period - Stopped by Harru Sateri without a rebound.
5:46 of 2nd period - Éric Belanger wins face-off versus Brian Flynn in Saguenéens zone.
5:55 of 2nd period - Slapshot by Chris Dingman.
5:55 of 2nd period - Shot Misses the Net.
6:03 of 2nd period - Chris Dingman is hit by Brandon Burlon and loses puck.
6:24 of 2nd period - Wrist shot by Tyler Kennedy.
6:24 of 2nd period - Stopped by Erik Ersberg with a rebound.
6:26 of 2nd period - Wrist shot by Mike Sauer.
6:26 of 2nd period - Stopped by Erik Ersberg without a rebound.
6:27 of 2nd period - Tyler Kennedy wins face-off versus Cody Bass in Little Stars zone.
6:28 of 2nd period - Backhand shot by Evgeny Dadonov.
6:28 of 2nd period - Stopped by Erik Ersberg without a rebound.
6:29 of 2nd period - Kyle Brodziak wins face-off versus Cody Bass in Little Stars zone.
6:56 of 2nd period - Off-side.
6:57 of 2nd period - Marcus Johansson wins face-off versus Éric Belanger in neutral zone.
6:57 of 2nd period - Marcus Johansson is hit by Éric Belanger.
7:11 of 2nd period - Joffrey Lupul is hit by Clay Wilson and loses puck.
7:59 of 2nd period - Snap shot by Kyle Brodziak.
7:59 of 2nd period - Shot Misses the Net.
8:01 of 2nd period - Wrist shot by Kyle Brodziak.
8:01 of 2nd period - Stopped by Erik Ersberg with a rebound.
8:03 of 2nd period - Snap shot by Derek Morris.
8:03 of 2nd period - Stopped by Erik Ersberg without a rebound.
8:04 of 2nd period - Marcus Johansson wins face-off versus Éric Belanger in Little Stars zone.
8:05 of 2nd period - Snap shot by David Moss.
8:05 of 2nd period - Shot Misses the Net.
8:07 of 2nd period - Wrist shot by David Moss.
8:07 of 2nd period - Shot Misses the Net.
8:09 of 2nd period - Snap shot by David Rundblad.
8:09 of 2nd period - Stopped by Erik Ersberg with a rebound.
8:38 of 2nd period - Snap shot by David Laliberté.
8:38 of 2nd period - Stopped by Erik Ersberg with a rebound.
8:40 of 2nd period - Wrist shot by David Rundblad.
8:40 of 2nd period - Shot Misses the Net.
8:42 of 2nd period - Slapshot by David Rundblad.
8:42 of 2nd period - Stopped by Erik Ersberg with a rebound.
8:52 of 2nd period - Hugh Jessiman is hit by Petteri Wirtanen and loses puck.
8:59 of 2nd period - Wrist shot by Petteri Wirtanen.
8:59 of 2nd period - Shot Blocked by Cameron Schilling.
9:01 of 2nd period - Slapshot by Kevin Marshall.
9:01 of 2nd period - Deflect By Bryan Bickell.
9:01 of 2nd period - Stopped by Erik Ersberg with a rebound.
9:17 of 2nd period - Off-side.
9:18 of 2nd period - Éric Belanger wins face-off versus Kyle Brodziak in neutral zone.
10:16 of 2nd period - Snap shot by Jesse Joensuu.
10:16 of 2nd period - Shot Misses the Net.
10:18 of 2nd period - Slapshot by Raphael Diaz.
10:18 of 2nd period - Stopped by Harru Sateri with a rebound.
10:29 of 2nd period - Off-side.
10:30 of 2nd period - Petteri Wirtanen wins face-off versus Cody Bass in neutral zone.
10:30 of 2nd period - Minor Penalty to Bryan Bickell for Hooking.
10:31 of 2nd period - Petteri Wirtanen wins face-off versus Éric Belanger in Saguenéens zone.
10:40 of 2nd period - Slapshot by Éric Belanger.
10:40 of 2nd period - Goal by Éric Belanger - Saguenéens : 1 - Little Stars : 3.
10:41 of 2nd period - Éric Belanger wins face-off versus Kyle Brodziak in neutral zone.
11:17 of 2nd period - Backhand shot by Clay Wilson.
11:17 of 2nd period - Shot Blocked by Kevin Marshall.
11:19 of 2nd period - Slapshot by Mathieu Roy.
11:19 of 2nd period - Goal by Mathieu Roy - Saguenéens : 1 - Little Stars : 4.
11:20 of 2nd period - Éric Belanger wins face-off versus Tyler Kennedy in neutral zone.
11:45 of 2nd period - Mathieu Roy is hit by Joffrey Lupul and loses puck.
12:10 of 2nd period - Snap shot by David Laliberté.
12:10 of 2nd period - Shot Misses the Net.
12:12 of 2nd period - Slapshot by Eric Tangradi.
12:12 of 2nd period - Stopped by Erik Ersberg with a rebound.
12:14 of 2nd period - Slapshot by David Laliberté.
12:14 of 2nd period - Stopped by Erik Ersberg without a rebound.
12:15 of 2nd period - Éric Belanger wins face-off versus Kyle Brodziak in Little Stars zone.
12:40 of 2nd period - Evgeny Dadonov is hit by Cody Bass and loses puck.
13:25 of 2nd period - Alexander Vasyunov is hit by Brandon Burlon and loses puck.
13:44 of 2nd period - Minor Penalty to Jimmy Hayes for Holding.
13:45 of 2nd period - Éric Belanger wins face-off versus Marcus Johansson in Little Stars zone.
15:44 of 2nd period - Penalty to Jimmy Hayes is over, Jimmy Hayes is back on ice.
15:51 of 2nd period - David Rundblad is hit by Cody Bass and loses puck.
15:58 of 2nd period - Hugh Jessiman is hit by Kevin Marshall and loses puck.
16:27 of 2nd period - Minor Penalty to Ryan Ellis for Tripping.
16:28 of 2nd period - Kyle Brodziak wins face-off versus Éric Belanger in Little Stars zone.
18:27 of 2nd period - Penalty to Ryan Ellis is over, Ryan Ellis is back on ice.
Goals for this period are 1 for Saguenéens vs 2 for Little Stars.
Shots for this period are 15 for Saguenéens vs 8 for Little Stars.
3rd period
0:01 of 3rd period - Kyle Brodziak wins face-off versus Éric Belanger in neutral zone.
0:50 of 3rd period - Slapshot by Mathieu Roy.
0:50 of 3rd period - Stopped by Harru Sateri with a rebound.
0:54 of 3rd period - Snap shot by Carl Hagelin.
0:54 of 3rd period - Shot Blocked by Derek Morris.
1:10 of 3rd period - Minor Penalty to Mathieu Roy for Tripping.
1:11 of 3rd period - Éric Belanger wins face-off versus Kyle Brodziak in Little Stars zone.
1:39 of 3rd period - Snap shot by Joffrey Lupul.
1:39 of 3rd period - Deflect By Cameron Schilling.
1:39 of 3rd period - Shot Misses the Net.
1:39 of 3rd period - Puck is out of play.
1:40 of 3rd period - Éric Belanger wins face-off versus Marcus Johansson in Little Stars zone.
1:59 of 3rd period - Snap shot by Tyler Kennedy.
1:59 of 3rd period - Stopped by Erik Ersberg without a rebound.
2:00 of 3rd period - Éric Belanger wins face-off versus Kyle Brodziak in Little Stars zone.
2:13 of 3rd period - Snap shot by Joffrey Lupul.
2:13 of 3rd period - Deflect By David Moss.
2:13 of 3rd period - Stopped by Erik Ersberg without a rebound.
2:14 of 3rd period - Chris Dingman wins face-off versus Marcus Johansson in Little Stars zone.
2:23 of 3rd period - Clay Wilson is hit by Joffrey Lupul and loses puck.
3:10 of 3rd period - Penalty to Mathieu Roy is over, Mathieu Roy is back on ice.
3:22 of 3rd period - Slapshot by Derek Morris.
3:22 of 3rd period - Stopped by Erik Ersberg without a rebound.
3:23 of 3rd period - Marcus Kruger wins face-off versus Kyle Brodziak in Little Stars zone.
3:23 of 3rd period - Marcus Kruger is hit by Kevin Marshall.
3:39 of 3rd period - Snap shot by Evgeny Dadonov.
3:39 of 3rd period - Stopped by Erik Ersberg without a rebound.
3:40 of 3rd period - Brian Flynn wins face-off versus Cody Bass in Little Stars zone.
4:02 of 3rd period - Minor Penalty to Jesse Joensuu for Roughing.
4:03 of 3rd period - Evgeny Dadonov wins face-off versus Éric Belanger in Little Stars zone.
5:03 of 3rd period - Slapshot by Derek Morris.
5:03 of 3rd period - Stopped by Erik Ersberg with a rebound.
5:05 of 3rd period - Slapshot by David Rundblad.
5:05 of 3rd period - Deflect By David Moss.
5:05 of 3rd period - Shot Blocked by Cameron Schilling.
5:05 of 3rd period - Puck is out of play.
5:06 of 3rd period - Éric Belanger wins face-off versus Kyle Brodziak in Little Stars zone.
5:32 of 3rd period - Major Penalty to Kyle Brodziak for Boarding.
5:33 of 3rd period - Chris Dingman wins face-off versus Marcus Johansson in Saguenéens zone.
5:34 of 3rd period - Backhand shot by Éric Belanger.
5:34 of 3rd period - Shot Misses the Net.
5:40 of 3rd period - Slapshot by Éric Belanger.
5:40 of 3rd period - Shot Misses the Net.
5:42 of 3rd period - Slapshot by Clay Wilson.
5:42 of 3rd period - Stopped by Harru Sateri with a rebound.
6:02 of 3rd period - Penalty to Jesse Joensuu is over, Jesse Joensuu is back on ice.
6:07 of 3rd period - Slapshot by Clay Wilson.
6:07 of 3rd period - Deflect By David Moss.
6:07 of 3rd period - Goal by Clay Wilson - Saguenéens : 1 - Little Stars : 5.
6:07 of 3rd period - James Reimer enters game.
6:08 of 3rd period - Marcus Kruger wins face-off versus Petteri Wirtanen in neutral zone.
7:52 of 3rd period - Mathieu Roy is hit by Joffrey Lupul and loses puck.
10:32 of 3rd period - Penalty to Kyle Brodziak is over, Kyle Brodziak is back on ice.
10:37 of 3rd period - Snap shot by Jimmy Hayes.
10:37 of 3rd period - Shot Blocked by Kyle Brodziak.
10:39 of 3rd period - Snap shot by Jimmy Hayes.
10:39 of 3rd period - Shot Blocked by Kris Russell.
10:51 of 3rd period - Slapshot by Mike Sauer.
10:51 of 3rd period - Deflect By Brian Flynn.
10:51 of 3rd period - Goal by Brian Flynn - Saguenéens : 2 - Little Stars : 5.
10:52 of 3rd period - Kyle Brodziak wins face-off versus Éric Belanger in neutral zone.
11:03 of 3rd period - Wrist shot by Éric Belanger.
11:03 of 3rd period - Shot Blocked by Evgeny Dadonov.
11:05 of 3rd period - Snap shot by Éric Belanger.
11:05 of 3rd period - Stopped by James Reimer with a rebound.
11:42 of 3rd period - David Laliberté is hit by Ryan Ellis and loses puck.
12:15 of 3rd period - Backhand shot by Éric Belanger.
12:15 of 3rd period - Deflect By Chris Dingman.
12:15 of 3rd period - Stopped by James Reimer with a rebound.
12:17 of 3rd period - Wrist shot by Chris Dingman.
12:17 of 3rd period - Stopped by James Reimer with a rebound.
12:39 of 3rd period - Snap shot by Marcus Kruger.
12:39 of 3rd period - Shot Misses the Net.
12:41 of 3rd period - Wrist shot by Marcus Kruger.
12:41 of 3rd period - Shot Misses the Net.
12:43 of 3rd period - Snap shot by Ryan Vesce.
12:43 of 3rd period - Stopped by James Reimer with a rebound.
12:45 of 3rd period - Slapshot by Ryan Ellis.
12:45 of 3rd period - Stopped by James Reimer with a rebound.
13:01 of 3rd period - Wrist shot by Hugh Jessiman.
13:01 of 3rd period - Shot Blocked by Joffrey Lupul.
13:23 of 3rd period - Snap shot by Jimmy Hayes.
13:23 of 3rd period - Shot Misses the Net.
13:51 of 3rd period - Alexander Vasyunov is hit by Derek Morris and loses puck.
14:12 of 3rd period - Slapshot by Éric Belanger.
14:12 of 3rd period - Stopped by James Reimer with a rebound.
14:24 of 3rd period - Evgeny Dadonov is hit by Jesse Joensuu and loses puck.
15:46 of 3rd period - Kyle Brodziak is hit by Cody Bass and loses puck.
16:15 of 3rd period - Éric Belanger is hit by Petteri Wirtanen.
18:22 of 3rd period - Snap shot by David Moss.
18:22 of 3rd period - Stopped by Erik Ersberg without a rebound.
18:23 of 3rd period - Éric Belanger wins face-off versus Marcus Johansson in Little Stars zone.
18:34 of 3rd period - Slapshot by Éric Belanger.
18:34 of 3rd period - Goal by Éric Belanger - Saguenéens : 2 - Little Stars : 6.
18:35 of 3rd period - Kyle Brodziak wins face-off versus Éric Belanger in neutral zone.
19:18 of 3rd period - Off-side.
19:19 of 3rd period - Cody Bass wins face-off versus Brian Flynn in neutral zone.
19:22 of 3rd period - Slapshot by Ryan Ellis.
19:22 of 3rd period - Stopped by James Reimer with a rebound.
19:24 of 3rd period - Snap shot by Cody Bass.
19:24 of 3rd period - Stopped by James Reimer with a rebound.
19:26 of 3rd period - Slapshot by Hugh Jessiman.
19:26 of 3rd period - Stopped by James Reimer without a rebound.
19:27 of 3rd period - Éric Belanger wins face-off versus Tyler Kennedy in Saguenéens zone.
19:58 of 3rd period - Wrist shot by Joffrey Lupul.
19:58 of 3rd period - Stopped by Erik Ersberg with a rebound.
Goals for this period are 1 for Saguenéens vs 2 for Little Stars.
Shots for this period are 8 for Saguenéens vs 13 for Little Stars.
Output by the SimonT Hockey Simulator (STHS) for François Prévost -- Original Page W3C XHTML 1.0 Valid